 Dungeon Crawl Stone Soup version 0.25.1-2-g60ff931 (webtiles) character file.

Game seed: 7050596293105441461

17885 Gadfly the Cardsharp (level 12, 0/91 HPs)
             Began as a Demonspawn Monk on Aug 11, 2020.
             Was a High Priest of Nemelex Xobeh.
             Slain by a spiny frog (12 damage)
             ... on level 2 of the Lair of Beasts.
             The game lasted 00:26:31 (18700 turns).

Gadfly the Cardsharp (Demonspawn Monk)             Turns: 18700, Time: 00:26:32

Health: 0/91       AC: 17    Str: 16    XL:     12   Next: 22%
Magic:  19/19      EV: 14    Int: 18    God:    Nemelex Xobeh [*****.]
Gold:   764        SH:  0    Dex: 22    Spells: 11/11 levels left

rFire    . . .     SeeInvis .   a - +0 broad axe
rCold    + + .     Gourm    .   (no shield)
rNeg     . . .     Faith    +   A - +0 plate armour of the Prince of Darkness {rC+ rCorr Int+3}
rPois    .         Spirit   .   E - +0 hat "Cearusev" {MR+}
rElec    +         Reflect  .   i - +1 cloak
rCorr    +         Harm     .   m - +0 pair of gloves
MR       +....                  (no boots)
Stlth    ..........             J - amulet of faith
HPRegen  0.25/turn              p - +4 ring of evasion
MPRegen  0.16/turn              e - ring "Suhist" {rElec rC+ Int+3 Dex+6 Stlth-}

@: no status effects
A: horns 2, repulsion field 1, foul stench 1, rot immunity
a: Draw Escape, Draw Destruction, Draw Summoning, Triple Draw, Deal Four, Stack
Five, Renounce Religion


You were on level 2 of the Lair of Beasts.
You worshipped Nemelex Xobeh.
Nemelex Xobeh was extremely pleased with you.
You were not hungry.

You visited 3 branches of the dungeon, and saw 14 of its levels.
You also visited: Ossuary.

You collected 764 gold pieces.

Inventory:

Hand Weapons
 a - a +0 broad axe (weapon)
 b - a +1 morningstar of draining
 F - a +4 quarterstaff of chaos
Armour
 i - a +1 cloak (worn)
 k - a +0 hat of see invisible
 m - a +0 pair of gloves (worn)
 A - the +0 plate armour of the Prince of Darkness (worn) {rC+ rCorr Int+3}
   (You found it on level 9 of the Dungeon)

   It affects your intelligence (+3).
   It protects you from cold.
   It provides partial protection from all sources of acid and corrosion.
 E - the +0 hat "Cearusev" (worn) {MR+}
   (You found it on level 8 of the Dungeon)

   It affects your resistance to hostile enchantments.
Jewellery
 e - the ring "Suhist" (right hand) {rElec rC+ Int+3 Dex+6 Stlth-}
   (You found it on level 8 of the Dungeon)

   [ring of dexterity]

   It affects your intelligence (+3).
   It affects your dexterity (+6).
   It protects you from cold.
   It insulates you from electricity.
   It makes you less stealthy.
 h - an uncursed amulet of guardian spirit
 p - a +4 ring of evasion (left hand)
 t - an uncursed ring of fire
 J - an amulet of faith (around neck)
Wands
 d - a wand of disintegration (5)
 B - a wand of flame (13)
 C - a wand of random effects (66)
 G - a wand of paralysis (15)
 K - a wand of clouds (5)
Scrolls
 f - 4 scrolls of teleportation
 l - a scroll of fear
 s - a scroll of summoning
 u - 4 scrolls of magic mapping
 v - 4 scrolls of remove curse
 w - 2 scrolls of enchant armour
 x - 2 scrolls of enchant weapon
 y - 2 scrolls of blinking
 H - a scroll of identify
Potions
 g - a potion of mutation
 j - 3 potions of haste
 n - 3 potions of resistance
 o - a potion of curing
 q - 3 potions of lignification
 r - 3 potions of flight
 z - 2 potions of brilliance
 D - 2 potions of ambrosia
 I - 2 potions of heal wounds
 L - 2 potions of berserk rage
Comestibles
 c - 28 rations
 M - a chunk of flesh


   Skills:
 + Level 7.2 Fighting
 * Level 9.9 Axes
 * Level 8.9 Armour
 + Level 5.0 Dodging
 - Level 1.7 Stealth
 + Level 10.4 Invocations
 * Level 9.3 Evocations


You had 11 spell levels left.
You didn't know any spells.
Your spell library contained the following spells:

 Spells                   Type           Power        Failure   Level  Hunger
 Magic Dart               Conj           #...         100%        1    ##.....
 Sting                    Tmut/Pois      #...         100%        1    ##.....
 Blink                    Tloc           N/A          100%        2    ###....
 Call Imp                 Summ           #.......     100%        2    ###....
 Poisonous Vapours        Pois/Air       #.....       100%        2    ###....
 Slow                     Hex            #.......     100%        2    ###....
 Conjure Flame            Conj/Fire      #.......     100%        3    ####...
 Ignite Poison            Fire/Tmut/Pois #.......     100%        3    ####...
 Mephitic Cloud           Conj/Pois/Air  #.......     100%        3    ####...
 Olgreb's Toxic Radiance  Pois           #.......     100%        4    #####..


Dungeon Overview and Level Annotations

Branches:
Dungeon (11/15)            Temple (1/1) D:4            Lair (2/6) D:11
    Orc (0/2) D:9         Ossuary (visited)
  Swamp: Lair:2-4    Shoals: Lair:2-4     Snake: Lair:2-4    Spider: Lair:2-4

Altars:
Ashenzari
Cheibriados
Dithmenos
Elyvilon
Fedhas
Gozag
Hepliaklqana
Kikubaaqudgha
Makhleb
Nemelex Xobeh
Okawaru
Qazlal
Ru
Sif Muna
Trog
Uskayaw
Vehumet
Wu Jian
Xom
Yredelemnul
Zin
The Shining One


Innate Abilities, Weirdness & Mutations

You have a pair of horns on your head.
You are surrounded by a mild repulsion field. (EV +2)
You may emit foul miasma when damaged in melee.
You are immune to rotting.


Message History

You are lethally poisoned!
The spiny frog poisons you! The spiny frog barely misses you.
The yak gores you but does no damage.
You feel better.
The spiny frog stings you but does no damage.
The spiny frog looks sick.
The yak closely misses you.
You barely miss the yak.
The yak is almost dead.
You hit the spiny frog but do no damage.
The spiny frog stings you.
* * * LOW HITPOINT WARNING * * *
The yak gores you but does no damage.
Unknown command.
You hit the yak but do no damage.
The yak is almost dead.
You slash the spiny frog! The spiny frog misses you. The yak gores you.
* * * LOW HITPOINT WARNING * * *
The spiny frog stings you!
You die...
Your body glows with a rainbow of weird colours and disappears.

........P ........# ..####
........# ^.#..##
........# .......
........# ## ##.......
........# ##.#####..#.....
#.......###.###..........!
##..##...........F........
##......#.......@†........
#..#...##.##.#.Y.........
#......##..#...÷.........
........##....#...........
.#..#...##..#.............
...........#..#...........
...........##.............
.##.P...#####.PP..........
# ...... #.P..........


You could see a yak (sick) and a spiny frog (sick).

Vanquished Creatures
  Gastronok (D:10)
  2 hydras
  A two-headed ogre (D:9)
  Nergalle (Lair:1)
  A glowing orange brain (Lair:1)
  An ugly thing (D:11)
  An oklob plant (D:11)
  A black mamba (Lair:2)
  3 torpor snails (Lair:1)
  2 gargoyles (D:10)
  A spiny frog (Lair:2)
  2 komodo dragons
  A kobold demonologist (D:11)
  A troll (D:9)
  Grinder (D:5)
  3 hippogriffs
  5 yaks (Lair:2)
  2 steam dragons (D:11)
  2 vampire mosquitoes (D:11)
  A hungry ghost (D:8)
  7 water moccasins
  3 porcupines
  3 sky beasts
  3 orc warriors
  3 phantoms
  A black bear (D:7)
  3 ice beasts
  3 ogres
  7 centaurs
  3 crocodiles
  2 big kobolds
  3 bullfrogs
  10 scorpions
  10 killer bees
  A howler monkey (D:10)
  2 crimson imps
  4 centaur zombies
  4 quasits (D:8)
  A human zombie (Ossuary)
  3 hounds
  3 orc priests
  Crazy Yiuf (D:2)
  2 jellies
  2 bullfrog skeletons
  A centaur skeleton (D:4)
  Ijyb (D:3)
  5 iguanas
  4 orc wizards
  11 worker ants
  A killer bee zombie (D:10)
  3 big kobold zombies (Ossuary)
  A hound skeleton (D:5)
  3 mummies (Ossuary)
  A worker ant zombie (D:8)
  A gnoll (D:8)
  4 scorpion zombies (Ossuary)
  9 adders
  3 shadow imps
  3 oozes
  3 adder skeletons
  A worm (D:2)
  5 dart slugs
  5 leopard geckos
  15 orcs
  A ball python (D:5)
  7 bats
  4 giant cockroaches
  3 gnoll zombies (Ossuary)
  9 goblins
  17 hobgoblins
  13 jackals
  10 kobolds
  6 quokkas
  3 frilled lizards
  A goblin zombie (Ossuary)
  2 hobgoblin zombies (Ossuary)
  A jackal skeleton (D:8)
  A kobold zombie (Ossuary)
  A leopard gecko zombie (D:8)
  10 rats
  A fungus (D:2)
287 creatures vanquished.

Vanquished Creatures (collateral kills)
  The ghost of tardwrangler69 the Martial Artist, a novice OpTm of Ashenzari (D:8)
  An oklob plant (D:11)
  A quasit (D:8)
  2 plants (D:11)
5 creatures vanquished.

Vanquished Creatures (others)
  An ice beast (D:8)
  2 scorpions (Ossuary)
  A jackal (D:3)
  An orc zombie (Ossuary)
  A fungus (Lair:2)
6 creatures vanquished.

Grand Total: 298 creatures vanquished

Notes
Turn   | Place    | Note
-------+----------+-------------------------------------------
     0 | D:1      | Gadfly the Demonspawn Monk began the quest for the Orb.
     0 | D:1      | Reached XP level 1. HP: 18/18 MP: 1/1
   265 | D:1      | Gained mutation: You are immune to rotting. [demonic
                  | ancestry]
   265 | D:1      | Reached XP level 2. HP: 18/24 MP: 2/2
   311 | D:1      | Reached skill level 1 in Armour
   603 | D:1      | Gained mutation: You have a pair of small horns on your
                  | head. [demonic ancestry]
   603 | D:1      | Reached XP level 3. HP: 20/29 MP: 3/3
  1148 | D:1      | Found a glowing silver altar of Zin.
  1587 | D:2      | Found a bloodstained altar of Trog.
  1869 | D:2      | Reached XP level 4. HP: 30/35 MP: 4/4
  2442 | D:2      | Found a runed translucent door.
  2443 | D:2      | Noticed Crazy Yiuf
  2546 | D:2      | Killed Crazy Yiuf
  2546 | D:2      | Reached XP level 5. HP: 34/41 MP: 5/5
  3160 | D:3      | Noticed Ijyb
  3174 | D:3      | Killed Ijyb
  4034 | D:4      | Reached skill level 5 in Axes
  4034 | D:4      | Reached skill level 1 in Evocations
  4096 | D:4      | Gained mutation: You have a pair of horns on your head.
                  | [demonic ancestry]
  4096 | D:4      | Reached XP level 6. HP: 44/47 MP: 6/6
  4392 | D:4      | Found a sand-covered staircase.
  4397 | Ossuary  | Entered an ossuary
  4573 | Ossuary  | Reached XP level 7. HP: 46/52 MP: 6/8
  5696 | Ossuary  | Reached XP level 8. HP: 46/60 MP: 8/10
  6316 | D:4      | Found a staircase to the Ecumenical Temple.
  6328 | Temple   | Entered the Ecumenical Temple
  6426 | Temple   | Became a worshipper of Nemelex Xobeh the Trickster
  6426 | Temple   | Received a gift from Nemelex Xobeh
  6426 | Temple   | Reached * piety under Nemelex Xobeh
  6426 | Temple   | Received a gift from Nemelex Xobeh
  6426 | Temple   | Received a gift from Nemelex Xobeh
  6426 | Temple   | Reached ** piety under Nemelex Xobeh
  6833 | D:5      | Entered Level 5 of the Dungeon
  6851 | D:5      | You fall into a shaft and drop 2 floors!
  6857 | D:7      | Reached skill level 1 in Invocations
  6979 | D:6      | Reached skill level 2 in Invocations
  6997 | D:6      | Reached skill level 5 in Armour
  7325 | D:5      | Reached skill level 3 in Invocations
  7340 | D:5      | Reached skill level 5 in Evocations
  7545 | D:5      | You fall into a shaft and drop 3 floors!
  7545 | D:8      | Found a transporter.
  7764 | D:8      | Found a transporter.
  7783 | D:8      | Reached XP level 9. HP: 21/67 MP: 3/12
  7853 | D:8      | Reached skill level 4 in Invocations
  7856 | D:8      | Noticed tardwrangler69's ghost (novice OpTm)
  8055 | D:8      | You fall into a shaft and drop 1 floor!
  8055 | D:9      | HP: 3/67 [poisoned by a killer bee]
  8354 | D:9      | Reached skill level 5 in Fighting
  8419 | D:9      | Noticed a two-headed ogre
  8427 | D:9      | Killed a two-headed ogre
  8427 | D:9      | Reached skill level 5 in Invocations
  8723 | D:9      | Found a staircase to the Orcish Mines.
  8726 | D:9      | Got a distressingly furry plate armour
  8737 | D:9      | Identified the +0 plate armour of the Prince of Darkness
                  | {rC+ rCorr Int+3} (You found it on level 9 of the Dungeon)
  9145 | D:7      | Reached skill level 6 in Invocations
  9259 | D:5      | Noticed Grinder
  9279 | D:5      | Killed Grinder
  9523 | D:5      | Reached *** piety under Nemelex Xobeh
  9798 | D:6      | Gained mutation: You are surrounded by a mild repulsion
                  | field. (EV +2) [demonic ancestry]
  9798 | D:6      | Reached XP level 10. HP: 45/74 MP: 8/14
  9998 | D:6      | Received a gift from Nemelex Xobeh
 10306 | D:7      | Found a shimmering blue altar of Sif Muna.
 11220 | D:8      | Reached skill level 7 in Invocations
 11817 | D:8      | Killed tardwrangler69's ghost
 11820 | D:8      | Got the ring "Suhist" {Dex+6}
 11822 | D:8      | Got a smoking hat
 11835 | D:8      | Identified the cursed +0 hat "Cearusev" {MR+} (You found it
                  | on level 8 of the Dungeon)
 11842 | D:8      | Identified the ring "Suhist" {rElec rC+ Int+3 Dex+6 Stlth-}
                  | (You found it on level 8 of the Dungeon)
 11912 | D:9      | Received a gift from Nemelex Xobeh
 12497 | D:9      | Reached **** piety under Nemelex Xobeh
 12742 | D:10     | Entered Level 10 of the Dungeon
 12848 | D:10     | Received a gift from Nemelex Xobeh
 12890 | D:10     | Noticed Gastronok
 12892 | D:10     | Noticed a gargoyle
 13143 | D:10     | Killed a gargoyle
 13376 | D:10     | Reached skill level 8 in Invocations
 13426 | D:10     | Noticed a gargoyle
 13435 | D:10     | Killed a gargoyle
 13771 | D:10     | Reached XP level 11. HP: 81/81 MP: 17/17
 14021 | D:10     | Killed Gastronok
 14666 | D:11     | Found a shadowy altar of Dithmenos.
 14666 | D:11     | Noticed a seven-headed hydra
 14671 | D:11     | Killed a seven-headed hydra
 14671 | D:11     | Reached skill level 9 in Invocations
 14993 | D:11     | Noticed a brown ugly thing
 15008 | D:11     | Killed a brown ugly thing
 15083 | D:11     | Noticed an oklob plant
 15084 | D:11     | Received a gift from Nemelex Xobeh
 15086 | D:11     | Found a staircase to the Lair.
 15086 | D:11     | Noticed an oklob plant
 15102 | D:11     | Killed an oklob plant
 15115 | D:11     | Killed an oklob plant
 16200 | Lair:1   | Entered Level 1 of the Lair of Beasts
 16378 | Lair:1   | Found a snail-covered altar of Cheibriados.
 16391 | Lair:1   | Noticed a glowing orange brain
 16391 | Lair:1   | a torpor snail changed into a glowing orange brain
 16395 | Lair:1   | Killed a glowing orange brain
 16693 | Lair:1   | Reached skill level 10 in Invocations
 17196 | Lair:1   | Received a gift from Nemelex Xobeh
 17205 | Lair:1   | Noticed Nergalle
 17228 | Lair:1   | Killed Nergalle
 17775 | Lair:1   | Received a gift from Nemelex Xobeh
 17901 | Lair:1   | Gained mutation: You may emit foul miasma when damaged in
                  | melee. [demonic ancestry]
 17901 | Lair:1   | Reached XP level 12. HP: 57/91 MP: 19/19
 18181 | Lair:2   | Noticed a seven-headed hydra
 18190 | Lair:2   | Killed a seven-headed hydra
 18534 | Lair:2   | Reached ***** piety under Nemelex Xobeh
 18696 | Lair:2   | Reached skill level 5 in Dodging
 18700 | Lair:2   | Slain by a spiny frog

Illustrated notes

Levels and vault maps discovered:
D:1:      ncdulo_watergridlock, layout_loops_ring, minmay_hexomino_r4
D:2:      layout_rooms, lemuel_crystal_altar, uniq_crazy_yiuf_cottage
D:3:      layout_basic, uniq_ijyb
D:4:      layout_basic, minmay_temple_entry_poolview, enter_ossuary_2,
          serial_corexii_hall, corexii_hall_statues_i,
          chequers_hall_statues_corner_a, corexii_hall_statues_u,
          corexii_hall_statues_l, chequers_hall_statues_y,
          corexii_hall_statues_i, first_ration
D:5:      layout_rooms, uniq_grinder
D:6:      layout_rooms, minmay_fractal_squares_5
D:7:      layout_rooms, led_sif_pool
D:8:      layout_rooms, gammafunk_ghost_stat_death, blue_anna_alchemist
          [blue_anna_fruit_fields, blue_anna_fruit_fields]
D:9:      layout_cave_pods, orc_0_dummy
D:10:     layout_small_grid, minmay_misc_feat_rows, serial_park_tiny_pond,
          uniq_gastronok
D:11:     layout_loops_corners, dpeg_oklobed_lair, roderic_roman_lattice,
          nicolae_dithmenos_through_a_glass_darkly
Temple:   minmay_crystal_snake_temple
Lair:1:   layout_hall_layers, kennysheep_snail_temple, uniq_nergalle
Lair:2:   layout_gridlike

Skill      XL: |  1  2  3  4  5  6  7  8  9 10 11 12 |
---------------+-------------------------------------+-----
Axes           | 3 4 5 6 7 8 9 |  9.9
Armour         | 1 2 3 4 5 6 7 8 |  8.9
Evocations     | 1 2 3 5 6 7 9 |  9.3
Fighting       | 4 5 6 7 |  7.2
Invocations    | 3 6 8 10 | 10.4
Dodging        | 3 4 5 |  5.0
Stealth        | |  1.7

Action                   |  1- 3 |  4- 6 |  7- 9 | 10-12 || total
-------------------------+-------+-------+-------+-------++-------
Melee: Hand axe          |   152 |    53 |     1 |       ||   206
       Headbutt          |    18 |    30 |    60 |   148 ||   256
       Quarterstaff      |       |   116 |   318 |   227 ||   661
       Broad axe         |       |       |       |   241 ||   241
       Morningstar       |       |       |       |    65 ||    65
Invok: Draw Destruction  |       |       |     7 |    10 ||    17
       Draw Escape       |       |       |     3 |     1 ||     4
       Draw Summoning    |       |       |     1 |     5 ||     6
  Use: Scroll            |     4 |     5 |    13 |     6 ||    28
       Potion            |       |     2 |     2 |     3 ||     7
 Stab: Sleeping          |     2 |       |       |       ||     2
       Paralysed         |       |     2 |       |       ||     2
       Confused          |       |       |     1 |     1 ||     2
       Petrifying        |       |       |     1 |       ||     1
       Petrified         |       |       |     1 |       ||     1
       Distracted        |       |       |       |     2 ||     2
  Eat: Chunk             |     3 |     9 |    10 |    12 ||    34
       Ration            |       |       |     2 |     6 ||     8
Armor: Robe              |    12 |       |       |       ||    12
       Ring mail         |    33 |    11 |       |       ||    44
       Skin              |       |     6 |       |    39 ||    45
       Scale mail        |       |    49 |       |       ||    49
       Chain mail        |       |    18 |   253 |       ||   271
       Plate armour      |       |       |    94 |   409 ||   503
Dodge: Dodged            |   108 |    75 |   140 |   430 ||   753
